 Dungeon Crawl Stone Soup version 0.30-a0-949-g53dc5368d7 (webtiles) character file.

Game seed: 15154669184638928699

21 mopl the Cudgeller (level 2, -1/31 HPs)
             Began as an Ogre Gladiator on Mar 27, 2023.
             Slain by a kobold
             ... wielding a +0 short sword
              (3 damage)
             ... on level 1 of the Dungeon.
             The game lasted 00:00:34 (265 turns).

mopl the Cudgeller (Ogre Gladiator)                  Turns: 265, Time: 00:00:34

Health: -1/31      AC:  3    Str: 17    XL:     2   Next: 87%
Magic:  2/2        EV: 10    Int:  9    God:
Gold:   2          SH:  0    Dex: 10    Spells: 1/1 levels left

rFire   . . .      SeeInvis .    a - +0 flail
rCold   . . .      Faith    .    (no shield)
rNeg    . . .      Spirit   .    b - +0 robe
rPois   .          Reflect  .    c - +0 hat
rElec   .          Rampage  .    (no cloak)
rCorr   .                        (gloves unavailable)
Will    .....                    (boots unavailable)
Stlth   +                        (no amulet)
HPRegen 0.25/turn                (no ring)
MPRegen 0.08/turn                (no ring)

@: no status effects
A: large, unfitting armour, tough skin 1
a: no special abilities


You were on level 1 of the Dungeon.
You visited 1 branch of the dungeon, and saw 1 of its levels.

You collected 2 gold pieces.

Inventory:

Hand Weapons
 a - a +0 flail (weapon)
Missiles
 d - 3 throwing nets (quivered)
 e - a large rock
Armour
 b - a +0 robe (worn)
 c - a +0 hat (worn)
Scrolls
 g - a scroll of blinking {unknown}
 i - a scroll of enchant weapon {unknown}
Potions
 f - a potion of heal wounds {unknown}
 h - a potion of attraction {unknown}


   Skills:
 + Level 3.3 Fighting
 * Level 3.3 Maces & Flails
 - Level 2.0 Throwing
 - Level 2.6 Dodging


You had one spell level left.
You didn't know any spells.
Your spell library was empty.

Dungeon Overview and Level Annotations

Branches:
Dungeon (1/15)

Altars:


Innate Abilities, Weirdness & Mutations

You are too large for most types of armour.
You have tough skin. (AC +1)


Message History

Unknown command.
You hit the ball python.
The ball python is severely wounded.
The frilled lizard bites you.
* * * LOW HITPOINT WARNING * * *
The ball python bites you but does no damage.
The kobold hits you but does no damage.
Unknown command.
You hit the ball python but do no damage.
The ball python is severely wounded.
The ball python bites you but does no damage.
The frilled lizard bites you but does no damage.
The kobold completely misses you.
The ball python bites you but does no damage.
The frilled lizard closely misses you. The kobold hits you but does no damage.
You closely miss the ball python.
The ball python is severely wounded.
The ball python bites you.
* * * LOW HITPOINT WARNING * * *
The frilled lizard barely misses you. The kobold closely misses you.
Unknown command.
You barely miss the ball python.
The ball python is severely wounded.
The ball python misses you. The frilled lizard closely misses you.
The kobold hits you with a +0 short sword.
* * * LOW HITPOINT WARNING * * *
The ball python bites you.
* * * LOW HITPOINT WARNING * * *
You hit the ball python.
You kill the ball python!
The frilled lizard bites you.
* * * LOW HITPOINT WARNING * * *
The kobold hits you with a +0 short sword.
* * * LOW HITPOINT WARNING * * *
Unknown command.
You barely miss the kobold.
The kobold is severely wounded.
The frilled lizard bites you but does no damage.
The kobold hits you with a +0 short sword.
You die...

......... ..........
......# ..........
......######.#.......
...............>.....
...#.........!......
...#.###.#........# #
..##.# #.#.#...##.#.#
####.###.#......Kl..#
#.....#..#...@.###
########.#.##|....#
≈≈≈≈###....##...†.#
.....###.#.##.......#
...<..##.....#....#.#
.....###........##..#
≈≈≈≈## ......#... ..#
##### ......#.#. ..#
.....#.#. . .#


You could see a kobold and a frilled lizard.

Vanquished Creatures
  2 ball pythons (D:1)
  A giant cockroach (D:1)
  3 goblins (D:1)
  A hobgoblin (D:1)
  6 jackals (D:1)
  2 kobolds (D:1)
  A bat (D:1)
  2 rats (D:1)
18 creatures vanquished.

Notes
Turn   | Place    | Note
-------+----------+-------------------------------------------
     0 | D:1      | mopl the Ogre Gladiator began the quest for the Orb.
     0 | D:1      | Reached XP level 1. HP: 22/22 MP: 1/1
    72 | D:1      | Reached skill level 3 in Fighting
    93 | D:1      | Reached skill level 3 in Maces & Flails
    93 | D:1      | Reached XP level 2. HP: 30/31 MP: 2/2
   264 | D:1      | HP: 1/31 [kobold/+0 short sword (2)]
   265 | D:1      | Slain by a kobold

Illustrated notes

Levels and vault maps discovered:
D:1:      wander_arrival_chamber, layout_basic,
          dreamdust_ecumenical_altar_statues, serial_shops, nicolae_shop_stone

Skill      XL: |  1 |
---------------+----+-----
Fighting       | 3 |  3.3
Maces & Flails | 3 |  3.3
Throwing       | |  2.0
Dodging        | |  2.6

Action                     || total
---------------------------++-------
  Melee: Flail             ||    66
 Armour: Robe              ||    30
  Dodge: Dodged            ||    64

Table legend: (Time is in decaauts)
 A = Elapsed time spent in this place.
 B = Non-inter-level travel time spent in this place.
 C = Inter-level travel time spent in this place.
 D = Time resting spent in this place.
 E = Time spent auto-exploring this place.
 F = Levels seen in this place.
 G = Mean time per level.
                   A        B        C        D        E       F      G
               +--------+--------+--------+--------+--------+-----+--------+
         Total |    280 |    280 |      0 |      0 |    151 |   1 |  280.0 |
       Dungeon |    280 |    280 |      0 |      0 |    151 |   1 |  280.0 |
               +--------+--------+--------+--------+--------+-----+--------+

Top non-repeatable levels by time:
     D:1: 280 daAuts
